 Dungeon Crawl Stone Soup version 0.31-a0-523-g071a6c1ffa (webtiles) character file.

Game seed: 2126168540875507810

4254 MisterAzrael the Cleaver (level 10, -1/93 HPs)
             Began as a Hill Orc Fighter on Aug 11, 2023.
             Was a Priest of Beogh.
             Slain by a kobold brigand
             ... wielding a +0 club
              (7 damage)
             ... on level 8 of the Dungeon.
             The game lasted 00:12:18 (7459 turns).

MisterAzrael the Cleaver (Hill Orc Fighter)         Turns: 7459, Time: 00:12:19

Health: -1/93      AC: 15    Str: 24    XL:     10   Next: 31%
Magic:  17/17      EV:  3    Int:  8    God:    Beogh [***...]
Gold:   381        SH:  4    Dex: 10    Spells: 9/9 levels left

rFire   . . .        a - +1 war axe
rCold   . . .        c - +0 buckler
rNeg    . . .        B - +0 plate armour
rPois   .            C - +2 hat
rElec   .            (no cloak)
rCorr   .            (no gloves)
SInv    .            (no boots)
Will    .....        s - amulet of faith Stlth
                     d - +4 ring of slaying
HPRegen 0.35/turn    (no ring)
MPRegen 0.15/turn

%: faith
@: lethally poisoned (-1 -> -4), grasped by roots, constricted, very slow
A: hooves 1
a: Renounce Religion, Smiting


You were on level 8 of the Dungeon.
You worshipped Beogh.
Beogh was most pleased with you.
You visited 1 branch of the dungeon, and saw 8 of its levels.

You collected 381 gold pieces.

Inventory:

Hand Weapons
 a - a +1 war axe (weapon)
 f - a +6 scimitar
Missiles
 l - 7 boomerangs
 A - 15 poisoned darts
Armour
 b - a +0 scale mail
 c - a +0 buckler (worn)
 o - a +0 chain mail
 B - a +0 plate armour (worn)
 C - a +2 hat (worn)
 G - a +0 kite shield
Jewellery
 d - a +4 ring of slaying (left hand)
 g - an amulet of the acrobat
 m - an amulet of magic regeneration
 s - an amulet of faith (around neck)
 y - a ring of magical power
Wands
 h - a wand of quicksilver (5) (quivered)
 p - a wand of polymorph (10)
Scrolls
 e - 5 scrolls of identify
 r - 2 scrolls of vulnerability
 u - a scroll of amnesia
 D - a scroll of teleportation
Potions
 i - a potion of attraction {unknown}
 k - a potion of haste
 w - a potion of brilliance {unknown}
 z - a potion of lignification {unknown}


   Skills:
 + Level 10.0 Fighting
 + Level 10.5 Axes
 * Level 1.4 Throwing
 + Level 7.0 Armour
 - Level 3.2 Shields
 + Level 10.0 Invocations


You had 9 spell levels left.
You didn't know any spells.
Your spell library contained the following spells:

 Spells                   Type           Power      Damage    Failure   Level
 Sandblast                Erth           0%         2d4       100%        1
 Blink                    Tloc           0%         N/A       100%        2
 Passwall                 Tmut/Erth      0%         N/A       100%        2
 Stone Arrow              Conj/Erth      0%         3d7       100%        3
 Animate Dead             Necr           0%         N/A       100%        4
 Manifold Assault         Tloc           0%         N/A       100%        4
 Borgnjor's Vile Clutch   Necr/Erth      0%         N/A       100%        5
 Death Channel            Necr           0%         N/A       100%        6


Dungeon Overview and Level Annotations

Branches:
Dungeon (8/15)             Temple (0/1) D:4            Lair (0/5) D:8

Altars:
Gozag
Qazlal
Ru
The Shining One

Shops:
D:1 :

Annotations:
D:4 Blork the orc
D:8 Erica


Innate Abilities, Weirdness & Mutations

You have large cloven feet.


Message History

You block the yak's attack. The hound bites you but does no damage.
The kobold hits you but does no damage.
The kobold brigand hits you but does no damage.
You hear a zap.
The roots erupt in riotous growth!
The grasping roots grab you!
The yak is unaffected.
The kobold is unaffected.
The kobold brigand is unaffected.
The hound is unaffected.
The kobold is unaffected.
You are constricted.
* * * LOW HITPOINT WARNING * * *
The hound splashes around in the water.
The yak gores you.
* * * LOW HITPOINT WARNING * * *
You hear a bark!
The grasping roots release their grip on you.
Okay, then.
Okay, then.
It was a potion of resistance.
You feel protected.
You feel very sick. You block the hound's attack.
You block the kobold's attack. The kobold hits you but does no damage.
The yak gores you but does no damage.
The kobold brigand hits you but does no damage.
You hear a zap.
The roots erupt in riotous growth!
The grasping roots grab you!
The yak is unaffected.
The kobold is unaffected.
The kobold brigand is unaffected.
The hound is unaffected.
The kobold is unaffected.
You are constricted.
The hound bites you but does no damage.
You hear a shout!
You hear a bark!
It was a potion of cancellation.
Your magical effects are unravelling.
You feel magically purged.
You feel yourself speed up.
Your resistance to elements expires.
You feel sick. The hound bites you but does no damage.
The kobold hits you but does no damage. The kobold hits you with a +0 dagger.
* * * LOW HITPOINT WARNING * * *
A kobold comes into view. It is wielding a +0 dagger.
The kobold brigand hits you with a +0 club!
You die...

..[.$...≈≈≈~.~..~..≈≈≈≈≈≈..
###.##.~≈K≈≈≈~......~~~~~S..
.......~~~≈..>............##
### .~~~.~~~...~~~~~~~~~..#.
#....≈~~..~...≈~~≈.....#T
#..~~.≈~≈~..≈≈≈≈≈~~~~.†#.
#....~~~≈~)≈~~~~~≈≈~..)).
#....~.Y{hK.~≈..~~....)#.
....~~..@K.~..$...~...=#.
#.......KK.............#.
.......†.################
......#.#######..........
###.#†.........########<
##.########### #. ## #. #.
##


You could see a yak, a kobold brigand, a hound and 4 kobolds.

Vanquished Creatures
  Prince Ribbit (D:6)
  2 wyverns
  5 yaks (D:7)
  An acid dragon (D:7)
  An ice beast (D:7)
  3 sky beasts
  2 wolves
  A centaur (D:7)
  An ogre (D:3)
  3 phantoms (D:5)
  A kobold brigand (D:8)
  3 bullfrogs (D:7)
  4 scorpions
  5 wights (D:6)
  An electric eel (D:8)
  9 hounds
  4 quasits (D:7)
  A jelly (D:5)
  4 orc priests
  2 iguanas
  2 sleepcaps (D:5)
  7 orc wizards
  Natasha (thrice) (D:2)
  Terence (D:3)
  A gnoll (D:1)
  8 adders
  3 shadow imps (D:7)
  4 white imps (D:7)
  6 ufetubi (D:7)
  4 worms
  2 dart slugs (D:3)
  30 orcs
  7 ball pythons
  6 endoplasms
  4 giant cockroaches
  3 goblins
  9 hobgoblins
  4 jackals (D:5)
  14 kobolds
  5 quokkas
  7 bats
  6 frilled lizards
  11 rats
201 creatures vanquished.

Vanquished Creatures (others)
  2 orcs
2 creatures vanquished.

Grand Total: 203 creatures vanquished

Notes
Turn   | Place    | Note
-------+----------+-------------------------------------------
     0 | D:1      | MisterAzrael the Hill Orc Fighter began the quest for the
                  | Orb.
     0 | D:1      | Reached XP level 1. HP: 19/19 MP: 1/1
   153 | D:1      | Found Gemuuna's Vocational Training.
   186 | D:1      | Reached XP level 2. HP: 27/27 MP: 2/2
   371 | D:1      | Found a faded altar of an unknown god.
   432 | D:1      | Reached XP level 3. HP: 21/34 MP: 3/3
  1068 | D:2      | Noticed Natasha
  1078 | D:2      | Killed Natasha
  1079 | D:2      | Reached XP level 4. HP: 36/41 MP: 4/4
  1160 | D:2      | Noticed Natasha
  1168 | D:2      | Reached skill level 5 in Fighting
  1169 | D:2      | Killed Natasha
  1211 | D:2      | Noticed Natasha
  1219 | D:2      | Killed Natasha
  1220 | D:2      | Reached skill level 5 in Axes
  1220 | D:2      | Reached XP level 5. HP: 37/48 MP: 5/5
  1749 | D:3      | Noticed an ogre
  1778 | D:3      | Killed an ogre
  1779 | D:3      | Reached XP level 6. HP: 32/57 MP: 6/6
  2137 | D:3      | Found a glowing golden altar of the Shining One.
  2282 | D:3      | Noticed Terence
  2290 | D:3      | Killed Terence
  2731 | D:4      | Noticed a wyvern
  2762 | D:5      | Entered Level 5 of the Dungeon
  2774 | D:5      | Killed a wyvern
  2775 | D:5      | Reached XP level 7. HP: 20/66 MP: 7/7
  2960 | D:5      | Became a worshipper of Beogh the Brigand
  3193 | D:5      | Reached skill level 1 in Invocations
  3237 | D:5      | Reached XP level 8. HP: 66/74 MP: 9/9
  3605 | D:4      | Reached * piety under Beogh
  3628 | D:4      | Found an opulent altar of Gozag.
  3706 | D:4      | Found a staircase to the Ecumenical Temple.
  3748 | D:4      | Noticed Blork the orc
  4449 | D:6      | Reached skill level 5 in Invocations
  4464 | D:6      | Reached skill level 5 in Armour
  4588 | D:6      | Noticed Prince Ribbit
  4608 | D:6      | Killed Prince Ribbit
  4609 | D:6      | Reached XP level 9. HP: 50/82 MP: 13/13
  5319 | D:7      | HP: 2/83 [yak (12)]
  5544 | D:7      | Gained mutation: You are agile. (Dex +4, Str/Int -1)
                  | [potion of mutation]
  5544 | D:7      | Gained mutation: You have a pair of small horns on your
                  | head. [potion of mutation]
  5545 | D:7      | Lost mutation: You have a pair of small horns on your head.
                  | [potion of mutation]
  5545 | D:7      | Lost mutation: You are agile. (Dex +4, Str/Int -1) [potion
                  | of mutation]
  5545 | D:7      | Gained mutation: You have large cloven feet. [potion of
                  | mutation]
  5548 | D:7      | Found a stormy altar of Qazlal.
  5571 | D:7      | Reached ** piety under Beogh
  5734 | D:7      | Reached skill level 10 in Axes
  5778 | D:7      | Reached XP level 10. HP: 71/92 MP: 12/16
  6082 | D:7      | Found a sacrificial altar of Ru.
  6626 | D:8      | Reached *** piety under Beogh
  6635 | D:8      | Found a staircase to the Lair.
  6635 | D:8      | Noticed Erica
  7036 | D:7      | Reached skill level 1 in Throwing
  7116 | D:8      | Reached skill level 10 in Fighting
  7174 | D:8      | Paralysed by a kobold brigand for 2 turns
  7433 | D:8      | Reached skill level 10 in Invocations
  7459 | D:8      | Slain by a kobold brigand

Illustrated notes

Levels and vault maps discovered:
D:1:      dpeg_arrival_boxes_within_box, layout_loops_corners,
          basic_ecumenical_altar, nicolae_shop_vocational
D:2:      layout_rooms, amcnicky_mini_corridor_feature,
          chequers_serial_rivers_small_b, uniq_natasha
D:3:      layout_basic, tso_metal_star, minmay_misc_feat_pillars, uniq_terence
D:4:      layout_gridville, nicolae_gozag_cash_rules_everything_around_me,
          gammafunk_temple_overflow_elements, minmay_temple_entry_arrows,
          chequers_ossuary_entry_cave, hangedman_abyss_or_decor_stagger,
          minmay_puff, uniq_sigmund, uniq_blork_the_orc
D:5:      layout_basic, hangedman_decor_clover_reticule
D:6:      layout_loops_ring, uniq_prince_ribbit1
D:7:      layout_rooms, nicolae_qazlal_beasts_of_the_sky,
          nicolae_overflow_hidden_temple, serial_demonic, serial_demonic_d,
          serial_demonic_f, serial_demonic_a, serial_demonic_d
D:8:      layout_loops_ring, cheibriados_altar_1, mainiacjoe_overflow_alcove_4,
          erik_lair_island, uniq_erica

Skill      XL: |  1  2  3  4  5  6  7  8  9 10 |
---------------+-------------------------------+-----
Axes           | 3 4 5 7 8 9 10 | 10.5
Fighting       | 4 5 6 7 8 9 10 | 10.0
Invocations    | 2 6 9 10 | 10.0
Armour         | 5 6 7 |  7.0
Throwing       | 1 |  1.4
Shields        | |  3.2

Action                     |  1- 3 |  4- 6 |  7- 9 | 10-12 || total
---------------------------+-------+-------+-------+-------++-------
  Melee: War axe           |    92 |   149 |   218 |    89 ||   548
         Kick              |       |       |     9 |    16 ||    25
  Throw: Boomerang         |       |       |       |    11 ||    11
 Invoke: Convert to Beogh  |       |       |     1 |       ||     1
         Smiting           |       |       |     1 |     2 ||     3
    Use: Potion            |       |     4 |     6 |     3 ||    13
         Scroll            |       |       |     2 |    10 ||    12
 Armour: Scale mail        |    43 |    32 |       |       ||    75
         Chain mail        |       |    36 |    51 |       ||    87
         Plate armour      |       |       |    74 |    74 ||   148
  Dodge: Dodged            |    44 |    66 |    68 |    25 ||   203
  Block: Buckler           |    25 |    45 |    59 |    16 ||   145

Table legend: (Time is in decaauts)
 A = Elapsed time spent in this place.
 B = Non-inter-level travel time spent in this place.
 C = Inter-level travel time spent in this place.
 D = Time resting spent in this place.
 E = Time spent auto-exploring this place.
 F = Levels seen in this place.
 G = Mean time per level.
                   A        B        C        D        E       F      G
               +--------+--------+--------+--------+--------+-----+--------+
         Total |   7508 |   7179 |    329 |   1531 |   4071 |   8 |  938.5 |
       Dungeon |   7508 |   7179 |    329 |   1531 |   4071 |   8 |  938.5 |
               +--------+--------+--------+--------+--------+-----+--------+

Top non-repeatable levels by time:
     D:7: 1928 daAuts
     D:3: 1110 daAuts
     D:1: 1069 daAuts
     D:5: 1023 daAuts
     D:6: 940 daAuts
     D:2: 665 daAuts
     D:4: 522 daAuts
     D:8: 248 daAuts
